 Dungeon Crawl Stone Soup version 0.30-a0-956-gcec3b41aec (webtiles) character file.

Game seed: 2751351023784270804

43993 jasper the Destroyer (level 13, 0/106 HPs)
             Began as a Demonspawn Conjurer on Mar 29, 2023.
             Was a High Priest of Vehumet.
             Succumbed to a killer bee's poison
             ... on level 4 of the Lair of Beasts.
             The game lasted 00:39:30 (20128 turns).

jasper the Destroyer (Demonspawn Conjurer)         Turns: 20128, Time: 00:39:31

Health: 0/106      AC: 11    Str:  7    XL:     13   Next: 93%
Magic:  20/34      EV: 16    Int: 29    God:    Vehumet [*****.]
Gold:   651        SH:  6    Dex: 14    Spells: 5/34 levels left

rFire   . . .      SeeInvis .    d - +6 Majin-Bo {spellvamp, MP+6 Int+6}
rCold   . . .      Faith    .    J - +1 buckler
rNeg    . . .      Spirit   .    a - +0 robe
rPois   .          Reflect  .    (helmet restricted)
rElec   .          Rampage  .    (no cloak)
rCorr   .                        (gloves unavailable)
Will    ++...                    S - +0 pair of boots
Stlth   ++                       q - amulet of regeneration
HPRegen 1.17/turn                A - +4 ring of protection
MPRegen 0.24/turn                m - +4 ring of protection

@: lethally poisoned (0 -> -2)
A: antennae 2, claws 3, demonic guardian 1, foul stench 1, weakness stinger 1,
strong-willed 2
a: Renounce Religion


You were on level 4 of the Lair of Beasts.
You worshipped Vehumet.
Vehumet was extremely pleased with you.
You visited 2 branches of the dungeon, and saw 16 of its levels.
You also visited: Ossuary.

You collected 854 gold pieces.
You spent 203 gold pieces at shops.

Inventory:

Hand Weapons
 b - a +0 dagger of protection
 c - a +3 dagger of venom
 d - the +6 Majin-Bo (weapon) {spellvamp, MP+6 Int+6}
   (You acquired it on level 5 of the Dungeon)

   Int:       It affects your intelligence (+6).
   MP:        It affects your magic capacity (+6).
Missiles
 u - 5 datura-tipped darts
 H - 3 throwing nets
Armour
 a - a +0 robe (worn)
 e - a +0 pair of gloves
 g - the +1 ring mail "Wunnihon" {rN+ Str+2 Dex+3}
   (You found it on level 2 of the Dungeon)

   Str:       It affects your strength (+2).
   Dex:       It affects your dexterity (+3).
   rN:        It protects you from negative energy.
 J - a +1 buckler (worn)
 L - +0 acid dragon scales
 R - the +3 leather armour of an ice cave {rN+}
   (You found it on level 3 of the Lair of Beasts)

   rN:        It protects you from negative energy.
 S - a +0 pair of boots (worn)
Magical Staves
 w - a staff of air
Jewellery
 i - a ring of protection from fire
 m - a +4 ring of protection (right claw)
 q - an amulet of regeneration (around neck)
 v - a ring of resist corrosion
 y - a ring of see invisible
 A - a +4 ring of protection (left claw)
 C - a ring of wizardry
 K - an amulet of faith
 M - an amulet of guardian spirit
 U - a ring of wizardry
Wands
 s - a wand of charming (3)
 B - a wand of roots (7)
 E - a wand of mindburst (30)
 F - a wand of flame (24)
Scrolls
 k - a scroll of immolation
 p - 9 scrolls of teleportation
 D - 2 scrolls of silence
 G - a scroll of vulnerability
 Q - 2 scrolls of enchant weapon
 T - a scroll of fear
 V - a scroll of enchant armour
Potions
 f - 5 potions of attraction
 h - 6 potions of mutation
 j - 2 potions of haste
 l - 5 potions of brilliance
 n - 4 potions of cancellation
 o - 3 potions of invisibility
 r - 2 potions of flight
 t - 3 potions of lignification
 x - a potion of berserk rage
 z - 4 potions of curing
 I - a potion of ambrosia
 O - a potion of resistance
 P - a potion of might {unknown}


   Skills:
 + Level 11.4 Fighting
 - Level 10.0 Dodging
 - Level 1.7 Stealth
 - Level 4.0 Shields
 + Level 11.2 Spellcasting
 + Level 12.3 Conjurations
 - Level 2.0 Ice Magic
 - Level 2.0 Air Magic
 - Level 7.0 Earth Magic


You had 5 spell levels left.
You knew the following spells:

 Your Spells              Type           Power      Damage    Failure   Level
a - Magic Dart            Conj           100%       1d8       1%          1
b - Searing Ray           Conj           100%       2d8       1%          2
c - Dazzling Flash        Conj/Hex       100%       N/A       1%          3
d - Ozocubu's Armour      Ice            27%        N/A       5%          3
e - Iskenderun's Battles  Conj           73%        2d12      1%          5
f - Swiftness             Air            27%        N/A       5%          3
g - Apportation           Tloc           32%        N/A       4%          1
h - Iron Shot             Conj/Erth      32%        9d7       3%          6
i - Lee's Rapid Deconstr  Erth           27%        3d14*     1%          5

Your spell library contained the following spells:

 Spells                   Type           Power      Damage    Failure   Level
 Yara's Violent Unravell  Hex/Tmut       8%         3d5       28%         5
 Shock                    Conj/Air       100%       1d9       1%          1
 Hailstorm                Conj/Ice       55%        3d12      1%          3
 Fulminant Prism          Conj/Hex       25%        3d13      1%          4
 Iskenderun's Mystic Bla  Conj/Tloc      51%        2d11      1%          4
 Freezing Cloud           Conj/Ice/Air   23%        6-21      3%          5
 Necrotise                Necr           64%        1d7       4%          1
 Slow                     Hex            64%        N/A       4%          1
 Summon Small Mammal      Summ           64%        N/A       4%          1
 Airstrike                Air            13%        2d(2-18)  5%          4
 Leda's Liquefaction      Hex/Erth       18%        N/A       10%         4
 Confusing Touch          Hex            16%        N/A       13%         3
 Vampiric Draining        Necr           16%        2d7       13%         3
 Ice Form                 Ice/Tmut       22%        N/A       28%         4
 Spellforged Servitor     Conj/Summ      25%        N/A       54%         7
 Statue Form              Tmut/Erth      24%        N/A       83%         6
 Ozocubu's Refrigeration  Ice            13%        4d10      97%         7
 Simulacrum               Ice/Necr       11%        N/A       99%         6
 Polar Vortex             Ice            13%        N/A       100%        9


Dungeon Overview and Level Annotations

Branches:
Dungeon (12/15)            Temple (0/1) D:6            Lair (4/5) D:11
  Swamp (0/4) Lair:2        Snake (0/4) Lair:2      Ossuary (visited)
  Slime: Lair:4-5       Orc: D:9-12

Altars:
Ashenzari
Hepliaklqana
Kikubaaqudgha
Qazlal
Trog
Uskayaw
Vehumet
Wu Jian
Xom
Yredelemnul

Shops:
D:8 ?(*   D:11 [

Portals:
Trove: D:10 (give +3 shadow dragon scales)

Annotations:
D:8 3 runed translucent doors, Bediveer's ghost, novice DEHu; Maxmaps's ghost, novice DsMo; Scrimshaw's ghost, novice MiFi; epsilonplus's ghost, novice MiHu
D:9 4 transporters


Innate Abilities, Weirdness & Mutations

You have a pair of antennae on your head.
You have claws for hands.
A weak demonic guardian rushes to your aid.
You may rarely emit foul miasma when damaged in melee.
You have a small tail.
You are highly strong-willed. (Will++)


Message History

The killer bee is no longer moving slowly.
The killer bee is engulfed in dark miasma.
The killer bee looks even sicker.
The killer bee misses you.
The killer bee is engulfed in dark miasma.
The killer bee looks as sick as possible!
The killer bee closely misses you.
You regained 2 hp, and now have 13/106 hp.
You regained 24 mp, and now have 29/34 mp.
Casting: Lee's Rapid Deconstruction (dangerous; 1% risk of failure)
Confirm with . or Enter, or press ? or * to list all spells.
Aiming: Lee's Rapid Deconstruction (dangerous; 1% risk of failure)
Press: ? - help, Dir - move target A rock wall.
The wall shatters!
The blast of rock fragments hits the killer bee.
The killer bee is heavily wounded.
The blast of rock fragments hits the queen bee but does no damage.
The queen bee is heavily wounded.
* * * LOW HITPOINT WARNING * * *
You block the killer bee's attack.
The killer bee stings you but does no damage.
The killer bee stings you.
* * * LOW HITPOINT WARNING * * *
A demonic guardian appears!
You are poisoned.
The killer bee poisons you!
You take 10 damage, and have 3/106 hp.
You now have 24/34 mp.
Casting: Lee's Rapid Deconstruction (dangerous; 1% risk of failure)
Confirm with . or Enter, or press ? or * to list all spells.
Aiming: Lee's Rapid Deconstruction (dangerous; 1% risk of failure)
Press: ? - help, Dir - move target A rock wall.
The wall shatters!
The blast of rock fragments hits the killer bee!!
You kill the killer bee!
Vehumet accepts your kill.
You feel your power returning.
Your demonic guardian avoids your attack.
* * * LOW HITPOINT WARNING * * *
You die...

#.## ####
#................#.# .<.##
##..########.............#
#...####...#!.!.
{#..............
#..........#..†.
#..............
#.......####....
#....#P....... .....#..#
#!!†! #...##.PP.....
.....#### .††{
#.....P....... #..##.#
##)###..##.....###.
####### #.5@...#.##.####
###P.##.##### ##P#### ###


You could see a friendly white imp (summoned).

Vanquished Creatures
  Harold (D:11)
  2 hydras (Lair:4)
  A two-headed ogre (D:11)
  A catoblepas (Lair:2)
  2 boulder beetles
  A tengu warrior (D:11)
  A skeletal warrior (D:11)
  An orc knight (D:11)
  3 manticores (D:11)
  Maurice (D:8)
  13 cane toads
  A torpor snail (Lair:2)
  5 elephants (Lair:4)
  2 black mambas
  3 rime drakes
  3 unseen horrors (D:11)
  10 komodo dragons
  3 polar bears
  3 meliai (Lair:4)
  3 trolls (D:11)
  3 hornets
  19 blink frogs
  3 dream sheep (Lair:3)
  7 slime creatures
  A shadow (D:9)
  7 wyverns
  A wraith (D:11)
  A vampire (D:10)
  5 basilisks
  61 yaks
  A steam dragon (D:11)
  A vampire mosquito (D:11)
  2 acid dragons (D:11)
  2 nagas (Lair:2)
  7 water moccasins
  3 black bears
  2 ice beasts
  5 orc warriors
  2 sky beasts
  2 ogres
  A wolf (Lair:2)
  A centaur (D:8)
  A phantom (D:5)
  15 bullfrogs
  A scorpion (D:7)
  2 gnoll sergeants
  5 wights (D:8)
  25 killer bees
  A howler monkey (D:10)
  3 electric eels (Lair:2)
  11 orc priests
  6 hounds
  A jelly (D:7)
  Jessica (D:3)
  4 iguanas
  12 orc wizards
  Terence (D:3)
  A mummy (Ossuary)
  Robin (D:3)
  12 adders
  11 gnolls
  2 shadow imps
  2 white imps (D:5)
  2 dart slugs
  30 orcs
  6 ball pythons
  6 endoplasms
  10 goblins
  11 hobgoblins
  7 jackals
  2 quokkas
  2 bats (D:1)
  7 frilled lizards
  2 gnoll skeletons (Ossuary)
  8 kobolds
  3 kobold skeletons (Ossuary)
  4 orc skeletons (Ossuary)
  6 rats
421 creatures vanquished.

Vanquished Creatures (collateral kills)
  A komodo dragon (Lair:3)
  2 dream sheep (Lair:3)
  2 yaks (Lair:3)
5 creatures vanquished.

Vanquished Creatures (others)
  A two-headed ogre (D:12)
  A quokka (D:3)
  21 fungi
  39 plants
  2 withered plants (D:8)
64 creatures vanquished.

Grand Total: 490 creatures vanquished

Notes
Turn   | Place    | Note
-------+----------+-------------------------------------------
     0 | D:1      | jasper the Demonspawn Conjurer began the quest for the Orb.
     0 | D:1      | Reached XP level 1. HP: 13/13 MP: 3/3
    53 | D:1      | Gained mutation: You are strong-willed. (Will+) [potion of
                  | mutation]
    53 | D:1      | Gained mutation: You have a pair of small horns on your
                  | head. [potion of mutation]
    53 | D:1      | Gained mutation: You are highly strong-willed. (Will++)
                  | [potion of mutation]
   110 | D:1      | Found a faded altar of an unknown god.
   268 | D:1      | Discovered your monstrous ancestry.
   268 | D:1      | Lost mutation: You have a pair of small horns on your head.
                  | [demonic ancestry]
   268 | D:1      | Gained mutation: You have a pair of small antennae on your
                  | head. [demonic ancestry]
   268 | D:1      | Reached XP level 2. HP: 19/19 MP: 0/5
   703 | D:1      | Gained mutation: You have sharp fingernails. [demonic
                  | ancestry]
   703 | D:1      | Reached XP level 3. HP: 24/24 MP: 7/7
   715 | D:1      | Learned a level 2 spell: Searing Ray
   719 | D:1      | Learned a level 3 spell: Dazzling Flash
  1304 | D:2      | Identified the +1 ring mail "Wunnihon" {rN+ Str+2 Dex+3}
  1817 | D:2      | Reached XP level 4. HP: 30/30 MP: 6/8
  1821 | D:2      | Learned a level 3 spell: Ozocubu's Armour
  1886 | D:2      | You fall into a shaft and drop 1 floor!
  1919 | D:3      | Reached skill level 5 in Conjurations
  1994 | D:3      | Noticed Robin
  1999 | D:3      | Killed Robin
  2086 | D:3      | Noticed Terence
  2092 | D:3      | Killed Terence
  2592 | D:3      | Gained mutation: You have very sharp fingernails. [demonic
                  | ancestry]
  2592 | D:3      | Reached XP level 5. HP: 35/35 MP: 7/10
  2775 | D:3      | Noticed Jessica
  2777 | D:3      | Killed Jessica
  3177 | D:4      | Noticed a sky beast
  3183 | D:4      | Killed a sky beast
  3184 | D:4      | Reached skill level 6 in Conjurations
  3184 | D:4      | Reached XP level 6. HP: 41/41 MP: 6/12
  3190 | D:4      | Learned a level 5 spell: Iskenderun's Battlesphere
  3523 | D:4      | Found an ancient bone altar of Kikubaaqudgha.
  3525 | D:4      | Found a radiant altar of Vehumet.
  3525 | D:4      | Found a basalt altar of Yredelemnul.
  3631 | D:4      | Became a worshipper of Vehumet
  3972 | D:4      | Reached skill level 5 in Spellcasting
  4054 | D:5      | Entered Level 5 of the Dungeon
  4097 | D:5      | Found a sand-covered staircase.
  4103 | Ossuary  | Entered an ossuary
  4103 | Ossuary  | Noticed a wraith
  4103 | Ossuary  | Noticed a wraith
  4103 | Ossuary  | Noticed a wraith
  4113 | Ossuary  | Reached XP level 7. HP: 46/46 MP: 6/14
  4245 | Ossuary  | Noticed a wraith
  4569 | D:5      | Reached skill level 7 in Conjurations
  4631 | D:5      | Reached * piety under Vehumet
  4631 | D:5      | Offered knowledge of Sandblast by Vehumet.
  4852 | D:5      | Learned a level 3 spell: Swiftness
  4859 | D:5      | Identified a scroll of acquirement
  4859 | D:5      | Acquired the +6 Majin-Bo {spellvamp, MP+6 Int+6}
  4859 | D:5      | Found the +6 Majin-Bo {spellvamp, MP+6 Int+6}
  5107 | D:5      | Gained mutation: You have claws for hands. [demonic
                  | ancestry]
  5107 | D:5      | Reached XP level 8. HP: 47/52 MP: 14/17
  5240 | D:5      | Found a hazy altar of Hepliaklqana.
  5314 | D:5      | Found a shimmering altar of Xom.
  6048 | D:6      | Reached skill level 1 in Fighting
  6048 | D:6      | Reached skill level 8 in Conjurations
  6144 | D:6      | Learned a level 1 spell: Apportation
  6183 | D:6      | Found a staircase to the Ecumenical Temple.
  6774 | D:7      | Reached skill level 1 in Ice Magic
  6774 | D:7      | Reached skill level 1 in Air Magic
  6965 | D:7      | Gained mutation: A weak demonic guardian rushes to your
                  | aid. [demonic ancestry]
  6965 | D:7      | Reached XP level 9. HP: 61/61 MP: 15/20
  7186 | D:7      | Offered knowledge of Scorch by Vehumet.
  7358 | D:8      | Found Aze Jigy's Magic Scroll Shop.
  7437 | D:8      | Bought a scroll of teleportation for 39 gold pieces
  7437 | D:8      | Bought a scroll of blinking for 97 gold pieces
  7640 | D:8      | Reached ** piety under Vehumet
  7718 | D:8      | Learned a level 6 spell: Iron Shot
  7747 | D:8      | Found a hide-covered altar of Uskayaw.
  7819 | D:8      | Found a stormy altar of Qazlal.
  7838 | D:8      | Reached skill level 1 in Earth Magic
  7932 | D:8      | Found Rataraath's Assorted Antiques.
  7970 | D:8      | Noticed Maurice
  7977 | D:8      | Killed Maurice
  8155 | D:8      | Gained mutation: You have a small tail. [demonic ancestry]
  8155 | D:8      | Reached XP level 10. HP: 64/70 MP: 17/23
  8228 | D:8      | Found Otsaxaup's Antique Weapon Shop.
  8261 | D:8      | Found a runed translucent gate.
  8261 | D:8      | Found a runed translucent gate.
  8262 | D:8      | Found a runed translucent gate.
  8263 | D:8      | Noticed Scrimshaw's ghost (novice MiFi)
  8264 | D:8      | Noticed epsilonplus's ghost (novice MiHu)
  8264 | D:8      | Noticed Maxmaps's ghost (novice DsMo)
  8264 | D:8      | Noticed Bediveer's ghost (novice DEHu)
  9023 | D:9      | Offered knowledge of Hailstorm by Vehumet.
  9105 | D:9      | Found a transporter.
  9106 | D:9      | Found a transporter.
  9245 | D:9      | Found a transporter.
  9249 | D:9      | Found a transporter.
  9372 | D:9      | Reached skill level 10 in Spellcasting
  9398 | D:9      | Found a transporter.
  9399 | D:9      | Found a transporter.
  9587 | D:10     | Entered Level 10 of the Dungeon
  9650 | D:10     | Found an ornate altar of the Wu Jian Council.
  9736 | D:10     | Reached *** piety under Vehumet
  9816 | D:10     | Reached skill level 9 in Conjurations
 10256 | D:10     | Found a portal to a secret trove of treasure.
 10410 | D:10     | Found a broken altar of Ashenzari.
 10668 | D:10     | Noticed an orange demon
 10831 | D:11     | Reached skill level 5 in Fighting
 10831 | D:11     | Reached skill level 5 in Dodging
 10889 | D:11     | Offered knowledge of Ignite Poison by Vehumet.
 11156 | D:11     | Found Huerghum's Armour Boutique.
 11161 | D:11     | Bought a +0 buckler for 67 gold pieces
 11174 | D:11     | Noticed Harold
 11200 | D:11     | Noticed a manticore
 11261 | D:10     | Gained mutation: You may rarely emit foul miasma when
                  | damaged in melee. [demonic ancestry]
 11261 | D:10     | Reached XP level 11. HP: 80/80 MP: 23/25
 11368 | D:11     | Paralysed by a hornet for 3 turns
 11418 | D:11     | Reached skill level 1 in Shields
 11483 | D:11     | Killed Harold
 11521 | D:11     | Reached skill level 5 in Earth Magic
 11566 | D:11     | Noticed a skeletal warrior
 11730 | D:11     | Killed a skeletal warrior
 11731 | D:11     | Reached skill level 10 in Conjurations
 11851 | D:11     | Noticed an orc knight
 11856 | D:11     | Killed an orc knight
 12115 | D:11     | Reached **** piety under Vehumet
 12155 | D:11     | Found a bloodstained altar of Trog.
 12228 | D:11     | Noticed a boulder beetle
 12236 | D:11     | Killed a boulder beetle
 12609 | D:12     | Learned a level 5 spell: Lee's Rapid Deconstruction
 12913 | D:11     | Noticed a tengu warrior
 12920 | D:11     | Killed a tengu warrior
 13057 | D:11     | Offered knowledge of Plasma Beam by Vehumet.
 13223 | D:11     | Reached XP level 12. HP: 91/91 MP: 20/26
 13239 | D:12     | Noticed a two-headed ogre
 13507 | D:11     | Noticed a two-headed ogre
 13512 | D:11     | Killed a two-headed ogre
 13644 | D:11     | Found a staircase to the Lair.
 13736 | Lair:1   | Entered Level 1 of the Lair of Beasts
 13921 | Lair:1   | Reached skill level 11 in Conjurations
 14782 | Lair:2   | Found a staircase to the Swamp.
 14818 | Lair:2   | Found a staircase to the Snake Pit.
 15013 | Lair:2   | Noticed a catoblepas
 15241 | Lair:2   | Killed a catoblepas
 15382 | Lair:2   | Reached ***** piety under Vehumet
 15614 | Lair:2   | Offered knowledge of Arcjolt by Vehumet.
 16263 | Lair:2   | Paralysed by a hornet for 2 turns
 16291 | Lair:2   | Gained mutation: You have a pair of antennae on your head.
                  | [demonic ancestry]
 16291 | Lair:2   | Reached XP level 13. HP: 36/103 MP: 5/27
 16402 | Lair:2   | Reached skill level 10 in Fighting
 17296 | Lair:3   | Reached skill level 10 in Dodging
 18132 | Lair:3   | Identified the +3 leather armour of an ice cave {rN+}
 19404 | Lair:3   | Offered knowledge of Yara's Violent Unravelling by Vehumet.
 19629 | Lair:4   | Reached skill level 12 in Conjurations
 20124 | Lair:4   | HP: 2/106 [poisoned by a killer bee]
 20128 | Lair:4   | Succumbed to a killer bee's poison

Illustrated notes

Levels and vault maps discovered:
D:1:      minmay_arrival_three_doors, layout_loops_cross,
          shapermc_ecumenical_altar_mp_highgroup
D:2:      layout_basic, serial_park_tiny_2, grunt_decor_junction,
          minmay_liquid_box, serial_bayou_lagoon_a, bh_walls_and_bars
D:3:      layout_loops_ring, elyvilon_altar_4, uniq_terence, uniq_jessica,
          uniq_robin
D:4:      kennysheep_six_static_rooms, layout_basic,
          chequers_temple_overflow_statue_of_worship, chequers_mini_garden,
          grunt_decor_fettered, nrook_mini_vaults, minivault_1
D:5:      minmay_angry_zag, layout_basic, mainiacjoe_overflow_tiny_flanked,
          mainiacjoe_overflow_alcove_4, nicolae_ossuary_entry_plus,
          kennysheep_flooded_box
D:6:      layout_basic, temple_fountains
D:7:      layout_loops_ring, st_stairs_5
D:8:      layout_loops_ring, nicolae_uskayaw_dance_hall, lemuel_crystal_altar,
          serial_shops, nicolae_shop_overgrown_old_shop, nicolae_shop_crystal,
          shop, gammafunk_ghost_cemetery, minmay_misc_feat_four_crosses,
          uniq_maurice
D:9:      layout_small_grid, serial_nicolae_subway, nicolae_sub_station_stone,
          nicolae_sub_station_crystal, nicolae_sub_station_metal
D:10:     layout_grid_maze, overflow_temple_1_default, lemuel_doored_altar,
          nicolae_ashenzari_panopticon, enter_trove_0
D:11:     cheibrodos_fzero, layout_loops_ring, erik_lair_dragon, serial_shops,
          nicolae_shop_temple_entry_statues_fountains, eino_tiny_chamber,
          trog_ov_bears_minmay, uniq_harold
D:12:     layout_gridville, david_orc_5, minivault_8
Lair:1:   layout_regular_city, lemuel_fruit_fields
Lair:2:   layout_gridlike, swamp_mist, guppyfry_snake_entry_island,
          pdpol_lair_cavern_descent, lemuel_fruit_fields
Lair:3:   layout_cave_pods
Lair:4:   layout_cave_pods, special_room [special_room_bee]

Skill      XL: |  1  2  3  4  5  6  7  8  9 10 11 12 13 |
---------------+----------------------------------------+-----
Spellcasting   | 3 4 5 6 7 9 10 11 | 11.2
Conjurations   | 5 6 7 8 9 10 11 12 | 12.3
Dodging        | 2 3 5 6 9 10 | 10.0
Fighting       | 2 3 5 7 9 11 | 11.4
Ice Magic      | 2 |  2.0
Air Magic      | 2 |  2.0
Earth Magic    | 2 4 6 7 |  7.0
Shields        | 3 4 |  4.0
Stealth        | |  1.7

Action                     |  1- 3 |  4- 6 |  7- 9 | 10-12 | 13-15 || total
---------------------------+-------+-------+-------+-------+-------++-------
  Melee: Unarmed           |    17 |       |       |       |       ||    17
         Headbutt          |     4 |       |       |       |       ||     4
         Dagger            |    30 |     9 |    15 |       |       ||    54
         Punch             |       |     1 |       |       |       ||     1
         Staff             |       |       |     5 |    60 |    34 ||    99
         Tailslap          |       |       |       |    14 |    12 ||    26
   Cast: Magic Dart        |    72 |    83 |   131 |   248 |   133 ||   667
         Searing Ray       |       |     8 |    24 |    27 |    18 ||    77
         Iskenderun's Batt |       |     2 |    12 |    44 |    20 ||    78
         Dazzling Flash    |       |       |       |     1 |       ||     1
         Iron Shot         |       |       |       |    46 |    21 ||    67
         Lee's Rapid Decon |       |       |       |    60 |    42 ||   102
         Swiftness         |       |       |       |       |     2 ||     2
  Evoke: Wand              |       |       |     1 |     4 |     4 ||     9
    Use: Potion            |     2 |       |     3 |     3 |     6 ||    14
         Scroll            |     1 |       |    11 |    10 |     6 ||    28
   Stab: Sleeping          |     1 |       |       |       |       ||     1
 Armour: Robe              |     9 |     3 |    27 |    94 |    73 ||   206
  Dodge: Dodged            |    50 |     7 |    57 |   159 |   207 ||   480
  Block: Buckler           |       |       |       |    33 |    70 ||   103

Table legend: (Time is in decaauts)
 A = Elapsed time spent in this place.
 B = Non-inter-level travel time spent in this place.
 C = Inter-level travel time spent in this place.
 D = Time resting spent in this place.
 E = Time spent auto-exploring this place.
 F = Levels seen in this place.
 G = Mean time per level.
                   A        B        C        D        E       F      G
               +--------+--------+--------+--------+--------+-----+--------+
         Total |  20179 |  19648 |    531 |   2250 |  14476 |  17 | 1187.0 |
       Dungeon |  13572 |  13177 |    395 |    901 |  10343 |  12 | 1131.0 |
          Lair |   6416 |   6280 |    136 |   1349 |   4006 |   4 | 1604.0 |
       Ossuary |    191 |    191 |      0 |      0 |    126 |   1 |  191.0 |
               +--------+--------+--------+--------+--------+-----+--------+

Top non-repeatable levels by time:
    D:11: 2797 daAuts
  Lair:2: 2022 daAuts
  Lair:3: 1929 daAuts
     D:5: 1573 daAuts
  Lair:1: 1343 daAuts
    D:10: 1215 daAuts
     D:8: 1155 daAuts
     D:4: 1140 daAuts
  Lair:4: 1120 daAuts
     D:1: 1055 daAuts
     D:3: 1026 daAuts
     D:9: 926 daAuts
     D:7: 859 daAuts
     D:6: 839 daAuts
     D:2: 831 daAuts
